 Dungeon Crawl Stone Soup version 0.31-a0-963-ga325b2283a (webtiles) character file.

Game seed: 15843896250320794123

231 LeprechaunX the Changeling (level 6, -1/41 HPs)
             Began as an Octopode Shapeshifter on Oct 24, 2023.
             Slain by an orc wizard
             ... wielding a +0 dagger
              (2 damage)
             ... on level 4 of the Dungeon.
             The game lasted 00:03:49 (1988 turns).

LeprechaunX the Changeling (Octopode Shapeshifter)  Turns: 1988, Time: 00:03:50

Health: -1/41      AC:  1    Str: 15    XL:     6   Next: 3%
Magic:  6/6        EV: 13    Int: 13    God:
Gold:   234        SH:  0    Dex: 11    Spells: 5/5 levels left

rFire   . .          .
                       - Unarmed
rCold   . . .        (no shield)
rNeg    . . .        (helmet currently unavailable)
rPois   .            (no amulet)
rElec   .            (no ring)
rCorr   .            (no ring)
SInv    .            (no ring)
Will    .....        (no ring)
Stlth   ++           (no ring)
HPRegen 0.26/turn    (no ring)
MPRegen 0.10/turn    (no ring)
                     (no ring)

%: no passive effects
@: beast-form
A: beast (slay +2), almost no armour, amphibious, 8 rings, camouflage 1,
gelatinous body 1, (nimble swimmer 1), tentacles
a: Begin Untransformation


You were on level 4 of the Dungeon.
You were a hulking beast.
You visited 1 branch of the dungeon, and saw 4 of its levels.

You collected 234 gold pieces.

Inventory:

Missiles
 k - 2 boomerangs (quivered)
Talismans
 b - a beast talisman
 c - a flux talisman
 i - a serpent talisman
Scrolls
 d - 4 scrolls of butterflies {unknown}
 f - a scroll of vulnerability {unknown}
 g - 4 scrolls of teleportation {unknown}
 h - 3 scrolls of identify {unknown}
 j - a scroll of enchant armour {unknown}
Potions
 a - 2 potions of lignification
 e - 3 potions of curing {unknown}


   Skills:
 + Level 2.8 Fighting
 - Level 2.0 Dodging
 + Level 4.1 Unarmed Combat
 * Level 4.7 Shapeshifting


You had 5 spell levels left.
You didn't know any spells.
Your spell library was empty.

Dungeon Overview and Level Annotations

Branches:
Dungeon (4/15)
 Temple: D:4-7

Altars:
Elyvilon

Shops:
D:2 =

Annotations:
D:4 1 transporter, IdlyInterested's ghost, amateur DsFi


Innate Abilities, Weirdness & Mutations

You are a hulking beast.
Your limbs bulge with bestial killing power. (Slay +2)
You cannot wear most types of armour.
You are amphibious.
You can wear up to eight rings at the same time.
Your skin changes colour to match your surroundings (Stealth+).
Your rubbery body absorbs attacks. (AC +1, EV +1)
((You are camouflaged when in or above water. (Stealth+)))
You have tentacles for arms and can constrict up to eight enemies at once.


Message History

You constrict the orc wizard.
An orc comes into view. It is wielding a +0 short sword.
The orc wizard casts a spell at you. The magic dart hits you!
The orc hits you but does no damage.
You have reached level 6!
You release your grip on the orc wizard.
The orc attacks as it pursues you! The orc completely misses you.
You see here a scroll labelled TESIME COAMULL.
Unknown command.
You're too confused to move!
The orc wizard completely misses you. The orc hits you with a +0 short sword.
The orc wizard casts a spell at you. The magic dart hits you!
The orc wizard gestures wildly while chanting.
The orc wizard flickers and vanishes!
Deactivating autopickup; reactivate with Ctrl-A.
You feel less confused. The orc attacks as it pursues you!
The orc closely misses you.
You barely miss the orc. Your grab misses the orc.
A puff of flame appears from out of thin air!
The puff of flame hits you. The orc misses you.
You barely miss the orc. Your grab misses the orc. You squeeze the orc!
You kill the orc!
The orc barely misses you. Something hits you.
You barely miss something. Something hits you.
* * * LOW HITPOINT WARNING * * *
Unknown command.
You tentacle-slap the orc. Your grab misses the orc.
The orc is heavily wounded.
The orc barely misses you.
You hear some strange, mumbled words.
A puff of flame appears from out of thin air!
The puff of flame misses you. The orc hits you with a +0 short sword.
* * * LOW HITPOINT WARNING * * *
You barely miss the orc. You grab the orc. You squeeze the orc!
You kill the orc!
The orc hits you with a +0 whip.
* * * LOW HITPOINT WARNING * * *
Something hits you.
You die...

.<........(....##
................#### .#.
................#..#.....
...................#.....
.......###....#.........
.....#####....#.##....##
...... #.......##....##
#.........#............##
...##...oh.......#
##..#){...(.#
##..##.?...###
#.......)....#
....##..)).....# .....
#........## ##..#
#.........# ....#....##
.....##..##


You could see an orc.

Vanquished Creatures
  A phantom (D:4)
  An orc wizard (D:4)
  An iguana (D:4)
  3 adders
  A worm (D:2)
  8 orcs
  4 ball pythons
  5 bats
  9 endoplasms
  2 giant cockroaches (D:2)
  6 goblins
  5 hobgoblins
  6 kobolds
  3 quokkas
  3 frilled lizards (D:3)
  3 rats
61 creatures vanquished.

Notes
Turn   | Place    | Note
-------+----------+-------------------------------------------
     0 | D:1      | LeprechaunX the Octopode Shapeshifter began the quest for
                  | the Orb.
     0 | D:1      | Reached XP level 1. HP: 13/13 MP: 1/1
   211 | D:1      | Reached XP level 2. HP: 18/18 MP: 2/2
   692 | D:1      | Found a faded altar of an unknown god.
   700 | D:1      | Reached XP level 3. HP: 23/23 MP: 3/3
   800 | D:2      | Found Zophath's Jewellery Boutique.
  1081 | D:2      | Reached XP level 4. HP: 29/29 MP: 4/4
  1281 | D:3      | Found a white marble altar of Elyvilon.
  1861 | D:4      | Noticed IdlyInterested's ghost (amateur DsFi)
  1861 | D:4      | Found a transporter.
  1907 | D:4      | Reached XP level 5. HP: 35/35 MP: 5/5
  1946 | D:4      | Noticed a phantom
  1952 | D:4      | Killed a phantom
  1978 | D:4      | Reached XP level 6. HP: 27/41 MP: 6/6
  1988 | D:4      | HP: 1/41 [orc/+0 whip (5)]
  1988 | D:4      | Slain by an orc wizard

Illustrated notes

Levels and vault maps discovered:
D:1:      reono_arrival_forest_river, layout_loops_ring,
          shapermc_ecumenical_altar_hornbeckon, grunt_decor_fettered
D:2:      layout_basic, serial_shops, shop
D:3:      layout_basic, mainiacjoe_overflow_six_doors_small,
          serial_park_tiny_pond
D:4:      layout_cave_pools, lemuel_crystal_altar, gammafunk_ghost_arena

Skill      XL: |  1  2  3  4  5 |
---------------+----------------+-----
Fighting       | 2 |  2.8
Shapeshifting  | 4 |  4.7
Unarmed Combat | 4 |  4.1
Dodging        | |  2.0

Action                     |  1- 3 |  4- 6 || total
---------------------------+-------+-------++-------
  Melee: Unarmed           |    57 |    52 ||   109
         Tentacles         |    13 |    13 ||    26
         Constrict         |    11 |    15 ||    26
         Punch             |     2 |       ||     2
  Throw: Boomerang         |       |     4 ||     4
   Stab: Sleeping          |    12 |     5 ||    17
 Armour: Skin              |    17 |    25 ||    42
  Dodge: Dodged            |    28 |    31 ||    59

Table legend: (Time is in decaauts)
 A = Elapsed time spent in this place.
 B = Non-inter-level travel time spent in this place.
 C = Inter-level travel time spent in this place.
 D = Time resting spent in this place.
 E = Time spent auto-exploring this place.
 F = Levels seen in this place.
 G = Mean time per level.
                   A        B        C        D        E       F      G
               +--------+--------+--------+--------+--------+-----+--------+
         Total |   1981 |   1909 |     72 |      0 |   1537 |   4 |  495.2 |
       Dungeon |   1981 |   1909 |     72 |      0 |   1537 |   4 |  495.2 |
               +--------+--------+--------+--------+--------+-----+--------+

Top non-repeatable levels by time:
     D:1: 798 daAuts
     D:3: 597 daAuts
     D:2: 459 daAuts
     D:4: 126 daAuts
